Map: Automaton LE

Players

Kedlize

  • Race: Protoss Protoss
  • League: Silver
  • Spawn Location: 3:00

ZaZen - Winner!

  • Race: Terran Terran
  • League: Silver
  • Spawn Location: 9:00

VOD

Have the link to the VOD?

Description

Time

  • Played on: May 18, 2019, 11:37 a.m.
  • Length: 9:03
Show
View Real Time Build Order
Export as new Build Order

Kedlize Protoss 

Build Orders: Oracle Opening 

Get SALT Encoding   

  1  0:00  Probe  
  12  0:05  Probe  
  14  0:20  Pylon  
  14  0:25  Probe  
  15  0:38  Probe  
  16  0:45  Gateway  
  16  0:53  Probe  
  16  0:54  Assimilator  
  17  1:05  Probe  
  18  1:18  Probe  
  19  1:32  Pylon  
  19  1:35  Cybernetics Core  
  19  1:38  Zealot  
  21  2:02  Warp Gate  
  21  2:07  Pylon  
  21  2:23  Pylon  
  21  2:27  Pylon  
  21  2:29  Probe  
  21  2:30  Pylon  
  21  2:35  Assimilator  
  22  2:37  Probe  
  22  2:42  Stargate  
  23  2:46  Probe  
  24  2:58  Probe  
  25  3:10  Forge  
  25  3:17  Gateway  
  25  3:18  Gateway  
  25  3:19  Oracle  
  27  3:50  Photon Cannon  
  27  3:53  Photon Cannon  
  27  3:56  Photon Cannon  
  25  4:03  Stalker  
  27  4:12  Stalker  
  27  4:13  Stalker  
  26  4:33  Probe  
  27  4:45  Probe  
  28  4:55  Pylon  
  28  4:58  Probe  
  26  5:10  Probe  
  26  5:14  Oracle  
  27  5:22  Probe  
  31  5:35  Stalker  
  31  5:36  Stalker  
  35  5:51  Oracle  
  38  5:59  Nexus  
  38  6:09  Photon Cannon  
  38  6:19  Photon Cannon  
  38  7:34  Stalker x2  
  38  7:35  Stalker, Probe  
  44  7:39  Probe  
  44  7:43  Probe  
  46  7:48  Gateway  
  46  7:50  Gateway  
  46  7:51  Probe  
  48  7:53  Probe  
  48  7:54  Gateway  
  49  8:02  Stalker  
  49  8:03  Probe  
  49  8:05  Probe  
  53  8:15  Probe  
  52  8:24  Zealot x2  
  52  8:25  Zealot  
  48  8:27  Probe  
Show
View Real Time Build Order
Export as new Build Order

ZaZen Terran - Winner!

Build Orders:  

Get SALT Encoding   

  12  0:01  SCV  
  13  0:14  SCV  
  14  0:19  Supply Depot  
  14  0:26  SCV  
  15  0:29  Refinery  
  15  0:41  SCV  
  16  0:47  Barracks  
  16  0:53  SCV  
  17  0:58  Refinery  
  17  1:05  SCV  
  18  1:21  SCV  
  19  1:36  Factory  
  19  1:41  Reaper  
  19  1:43  Orbital Command  
  20  1:58  Supply Depot  
  20  2:10  SCV  
  20  2:13  Reaper  
  22  2:22  SCV  
  23  2:23  Hellion  
  25  2:32  Command Center  
  25  2:34  SCV  
  26  2:45  Hellion, Reaper  
  26  2:48  Supply Depot  
  29  3:07  SCV  
  29  3:11  Factory Tech Lab  
  30  3:25  Barracks Reactor  
  30  3:32  Cyclone  
  33  3:35  SCV  
  34  3:44  Barracks  
  34  3:46  Starport  
  34  3:47  Barracks  
  34  3:50  SCV  
  35  4:08  SCV  
  36  4:11  Orbital Command  
  29  4:34  SCV  
  29  4:35  Cyclone  
  29  4:37  Starport Tech Lab  
  33  4:39  Barracks Tech Lab  
  33  4:40  Barracks Reactor  
  33  5:00  Marine  
  33  5:01  Marine  
  35  5:08  Cyclone  
  38  5:18  Marine, Banshee  
  38  5:19  Marine  
  43  5:21  Stimpack  
  43  5:23  Marine  
  43  5:27  Marine  
  43  5:28  Marine  
  46  5:36  Marine  
  47  5:43  Orbital Command  
  47  5:48  Siege Tank  
  47  5:49  Marine x2  
  52  5:52  Marine  
  52  5:53  Marine  
  54  6:00  Marine, Supply Depot  
  55  6:05  Cloaking Field  
  55  6:06  Marine  
  56  6:15  Marine x2  
  56  6:16  Marine  
  59  6:18  Marine  
  59  6:22  Medivac, Supply Depot  
  62  6:33  Marine x2  
  64  6:40  SCV x2  
  66  6:48  Marine x3  
  66  6:52  SCV x2, Medivac  
  66  6:54  Refinery  
  70  6:56  Marine, Refinery  
  71  7:04  SCV  
  71  7:05  SCV  
  71  7:06  Supply Depot  
  73  7:09  Marine x2  
  71  7:17  SCV x2  
  70  7:30  SCV x2  
  70  7:31  Marine x4  
  70  7:33  Siege Tank  
  70  7:35  Medivac  
  81  7:42  SCV  
  82  7:45  SCV  
  83  7:54  SCV  
  83  7:57  SCV  
  85  7:59  Engineering Bay  
  85  8:03  Supply Depot  
  85  8:06  SCV  
  73  8:40  SCV x2  
Tags
 
Add a new tag
Caveats
  • Supply blocks, unpowered buildings, or Contaminate may cause inaccurate times.
  • Supply counts are checked every 10 seconds.